 Dungeon Crawl Stone Soup version 0.32-a0-630-g46d191b0ed (webtiles) character file.

Game seed: 15928654327741812209

647 Alarak the Apothecary (level 7, -1/69 HPs)
             Began as a Demonspawn Alchemist on Mar 7, 2024.
             Was an Initiate of Vehumet.
             Slain by an orc wizard
             ... wielding a +0 dagger
              (3 damage)
             ... on level 5 of the Dungeon.
             The game lasted 00:10:20 (4325 turns).

Alarak the Apothecary (Demonspawn Alchemist)        Turns: 4325, Time: 00:10:21

Health: -1/69      AC: 23    Str:  9    XL:     7   Next: 27%
Magic:  14/14      EV:  2    Int: 17    God:    Vehumet [......]
Gold:   251        SH:  0    Dex: 19    Spells: 11/16 levels left

rFire   . . .        q - +0 hand cannon (drain)
rCold   . . .        (no shield)
rNeg    . . .        a - melded +0 robe
rPois   +            (helmet currently unavailable)
rElec   .            e - melded +0 cloak
rCorr   +            (gloves currently unavailable)
SInv    .            (boots currently unavailable)
Will    .....        (no amulet)
Stlth   ++           j - ring of resist corrosion
HPRegen 0.31/turn    f - +6 ring of dexterity
MPRegen 0.14/turn

%: no passive effects
@: tree-form, hasted, very quick
A: stationary, stasis, torment immunity, boosted hp, (horns 1), repulsion field
1
a: Renounce Religion


You were on level 5 of the Dungeon.
You worshipped Vehumet.
Vehumet was noncommittal.
You were a tree.
You visited 2 branches of the dungeon, and saw 6 of its levels.

You collected 251 gold pieces.

Inventory:

Hand Weapons
 d - a +0 mace
 q - a +0 hand cannon of draining (weapon)
Missiles
 s - a throwing net
Armour
 a - a +0 robe (melded)
 e - a +0 cloak (melded)
 h - a +0 chain mail
Magical Staves
 u - a staff of cold
Jewellery
 f - a +6 ring of dexterity (right branch)
 j - a ring of resist corrosion (left branch)
 o - an amulet of magic regeneration
 r - a ring of magical power
Scrolls
 c - a scroll of blinking
 i - a scroll of noise {unknown}
 k - 4 scrolls of identify
 t - a scroll of butterflies {unknown}
Potions
 g - 4 potions of enlightenment
 l - a potion of degeneration
 n - 2 potions of haste


   Skills:
 - Level 1.7 Dodging
 - Level 1.7 Stealth
 - Level 5.1 Spellcasting
 - Level 1.0 Conjurations
 + Level 6.7 Alchemy


You had 11 spell levels left.
You knew the following spells:

 Your Spells              Type           Power      Damage    Failure   Level
a - Sting                 Conj/Alch      68%        1d7       3%          1
b - Olgreb's Toxic Radia  Alch           27%        N/A       9%          4

Your spell library contained the following spells:

 Spells                   Type           Power      Damage    Failure   Level
 Mercury Vapours          Alch/Air       30%        N/A       5%          2
 Mephitic Cloud           Conj/Alch/Air  13%        N/A       14%         3
 Sticky Flame             Fire/Alch      15%        2d5       34%         4
 Gell's Gravitas          Tloc           4%         N/A       38%         3
 Teleport Other           Tloc           4%         N/A       38%         3
 Tukima's Dance           Hex            4%         N/A       38%         3
 Yara's Violent Unravell  Hex/Alch       7%         3d5       69%         5
 Passage of Golubria      Tloc           4%         N/A       80%         4
 Freezing Cloud           Conj/Ice/Air   2%         6-21      98%         5
 Dispersal                Tloc           2%         N/A       100%        6


Dungeon Overview and Level Annotations

Branches:
Dungeon (5/15)             Temple (1/1) D:4

Altars:
Dithmenos
Gozag
Kikubaaqudgha
Makhleb
Nemelex Xobeh
Okawaru
Qazlal
Ru
Sif Muna
Trog
Uskayaw
Vehumet
Xom
Yredelemnul

Annotations:
D:3 3 runed translucent doors, Nilihum's ghost, amateur MDEE


Innate Abilities, Weirdness & Mutations

You are a tree.
Your roots penetrate the ground, keeping you stationary.
You cannot be teleported.
You are immune to unholy pain and torment.
Your maximum health is greatly increased.
Your equipment is partially melded.
((You have a pair of small horns on your head.))
You are surrounded by a mild repulsion field. (EV +2)


Message History

The hound misses you. The orc misses you. The hound bites you.
* * * LOW HITPOINT WARNING * * *
The orc hits you with a +0 club.
* * * LOW HITPOINT WARNING * * *
Something hits you but does no damage. x2; The hound closely misses you.
The orc hits you but does no damage. x2; The hound misses you.
Something hits you.
* * * LOW HITPOINT WARNING * * *
You hear some strange, mumbled words.
Something tries to affect you, but you resist.
Magic courses through your body. The hound barely misses you. x2
The orc hits you with a +0 short sword.
* * * LOW HITPOINT WARNING * * *
The orc barely misses you. Something hits you but does no damage.
You hear some strange, mumbled words.
You are confused.
The hound barely misses you.
The hound barely misses you. x2; Something hits you.
* * * LOW HITPOINT WARNING * * *
It was a potion of haste.
You feel yourself speed up. The hound misses you. The hound closely misses you.
Something hits you.
* * * LOW HITPOINT WARNING * * *
Something barely misses you. The hound bites you but does no damage.
It was a potion of lignification.
You turn into a tree.
Your +0 cloak melds into your body.
Your +0 robe melds into your body.
Your roots penetrate the ground.
The hound bites you but does no damage. Something hits you but does no damage.
Okay, then.
You cannot move. (Use ctrl+direction or * direction to attack while stationary and confused.)
You shoot a slug.
The hound bites you but does no damage. x4
Something hits you but does no damage. The orc hits you but does no damage.
You shoot a slug.
The hound bites you but does no damage. x3
Something hits you but does no damage. The hound bites you but does no damage.
Something hits you but does no damage.
The hound bites you but does no damage. x2
The orc hits you but does no damage. Something hits you but does no damage.
Your magical contamination has completely faded away.
You shoot a slug. The slug closely misses the orc.
You feel less confused.
The hound bites you but does no damage. x3; Something hits you.
You die...

.# ## ... #..
##.. ....
.##.##..####....
...#..#..........
..#.....$.....)#.
.................
.................
.........○.......
.......oh♣.....>.
........hho......
.....#.?........#
.... ##..........
... ##......##.
#........
..###...## .##
#..# . ..#


You could see 3 hounds and 2 orcs.

Vanquished Creatures
  Sigmund (D:2)
  A scorpion (D:5)
  5 hounds
  Terence (D:2)
  Jessica (D:3)
  An orc wizard (D:5)
  Natasha (thrice) (D:3)
  4 gnolls (D:4)
  2 adders (D:2)
  A white imp (D:5)
  A ribbon worm (D:4)
  2 dart slugs
  2 orcs
  3 ball pythons
  6 endoplasms
  4 giant cockroaches
  A goblin (D:4)
  7 hobgoblins
  4 jackals (D:2)
  6 kobolds
  7 quokkas
  6 bats
  3 frilled lizards
  10 rats
82 creatures vanquished.

Notes
Turn   | Place    | Note
-------+----------+-------------------------------------------
     0 | D:1      | Alarak the Demonspawn Alchemist began the quest for the
                  | Orb.
     0 | D:1      | Reached XP level 1. HP: 13/13 MP: 3/3
   420 | D:1      | Gained mutation: You are surrounded by a mild repulsion
                  | field. (EV +2) [demonic ancestry]
   420 | D:1      | Reached XP level 2. HP: 19/19 MP: 0/5
   801 | D:1      | Reached skill level 4 in Alchemy
  1160 | D:2      | Reached XP level 3. HP: 20/24 MP: 6/6
  1488 | D:2      | Noticed Sigmund
  1509 | D:2      | Killed Sigmund
  1510 | D:2      | Reached XP level 4. HP: 23/30 MP: 2/10
  1510 | D:2      | Reached XP level 5. HP: 27/35 MP: 2/11
  1520 | D:2      | HP: 1/35 [poisoned by an adder]
  1855 | D:2      | Learned a level 4 spell: Olgreb's Toxic Radiance
  2176 | D:2      | Noticed Terence
  2190 | D:2      | Killed Terence
  2246 | D:3      | Noticed Natasha
  2252 | D:3      | Killed Natasha
  2253 | D:3      | Reached skill level 5 in Spellcasting
  2314 | D:3      | Gained mutation: You have a pair of small horns on your
                  | head. [demonic ancestry]
  2314 | D:3      | Reached XP level 6. HP: 40/41 MP: 11/13
  2506 | D:3      | Found a runed translucent gate.
  2506 | D:3      | Found a runed translucent gate.
  2506 | D:3      | Found a runed translucent gate.
  2506 | D:3      | Noticed Nilihum's ghost (amateur MDEE)
  2868 | D:3      | Noticed Natasha
  2874 | D:3      | Killed Natasha
  2900 | D:3      | Noticed Jessica
  2905 | D:3      | Killed Jessica
  2906 | D:3      | Reached skill level 5 in Alchemy
  3260 | D:3      | Noticed Natasha
  3265 | D:3      | Killed Natasha
  3875 | D:4      | Found an opulent altar of Gozag.
  3933 | D:4      | Reached skill level 6 in Alchemy
  3933 | D:4      | Reached XP level 7. HP: 46/46 MP: 12/14
  3948 | D:4      | Found a staircase to the Ecumenical Temple.
  3957 | Temple   | Entered the Ecumenical Temple
  3985 | Temple   | Became a worshipper of Vehumet
  4303 | D:5      | Entered Level 5 of the Dungeon
  4320 | D:5      | HP: 2/46 [something (2)]
  4325 | D:5      | Slain by an orc wizard

Illustrated notes

Levels and vault maps discovered:
D:1:      tekkud_arrival_beachfront_property, layout_basic
D:2:      layout_basic, dreamdust_wishing_well, uniq_terence, uniq_sigmund
D:3:      layout_basic, ebering_ghost_rock_garden, st_stairs_13,
          chequers_serial_rivers_small_b, uniq_natasha, uniq_jessica
D:4:      layout_loops_ring, mainiacjoe_overflow_chevrons,
          minmay_temple_entry_mini_moons
D:5:      layout_cave_pools, ebering_ghost_disaster_area
Temple:   nicolae_temple_superstar

Skill      XL: |  1  2  3  4  5  6 |
---------------+-------------------+-----
Alchemy        | 4 6 |  6.7
Spellcasting   | 4 5 |  5.1
Dodging        | |  1.7
Stealth        | |  1.7
Conjurations   | |  1.0

Action                     |  1- 3 |  4- 6 |  7- 9 || total
---------------------------+-------+-------+-------++-------
  Melee: Unarmed           |    11 |       |       ||    11
         Mace              |    31 |    34 |       ||    65
         Headbutt          |       |     2 |     1 ||     3
         Hand cannon       |       |       |     2 ||     2
   Fire: Hand cannon       |       |    20 |    10 ||    30
   Cast: Sting             |    46 |    67 |       ||   113
         Olgreb's Toxic Ra |       |     1 |     1 ||     2
    Use: Scroll            |       |     4 |       ||     4
         Potion            |       |     3 |     4 ||     7
   Stab: Sleeping          |     1 |     1 |       ||     2
 Armour: Robe              |    23 |    40 |    41 ||   104
         Skin              |       |       |    22 ||    22
  Dodge: Dodged            |    39 |    55 |    45 ||   139

Table legend: (Time is in decaauts)
 A = Elapsed time spent in this place.
 B = Non-inter-level travel time spent in this place.
 C = Inter-level travel time spent in this place.
 D = Time resting spent in this place.
 E = Time spent auto-exploring this place.
 F = Levels seen in this place.
 G = Mean time per level.
                   A        B        C        D        E       F      G
               +--------+--------+--------+--------+--------+-----+--------+
         Total |   4374 |   4077 |    297 |    319 |   3222 |   6 |  729.0 |
       Dungeon |   4317 |   4075 |    242 |    319 |   3222 |   5 |  863.4 |
        Temple |     56 |      1 |     55 |      0 |      0 |   1 |   56.0 |
               +--------+--------+--------+--------+--------+-----+--------+

Top non-repeatable levels by time:
     D:3: 1299 daAuts
     D:1: 1160 daAuts
     D:2: 1124 daAuts
     D:4: 704 daAuts
  Temple: 56 daAuts
     D:5: 28 daAuts
